 Dungeon Crawl Stone Soup version 0.19.5 (webtiles) character file.

114 McKennaii the Firebug (level 4, -4/24 HPs)
             Began as a Deep Elf Fire Elementalist on May 16, 2017.
             Slain by an orc
             ... wielding a +0 hand axe
              (6 damage)
             ... on level 2 of the Dungeon.
             The game lasted 00:02:54 (1887 turns).

McKennaii the Firebug (Deep Elf Fire Elementalist)  Turns: 1887, Time: 00:02:54

Health: -4/24      AC:  2    Str:  5    XL:     4   Next: 66%
Magic:  1/12       EV: 13    Int: 21    God:
Gold:   120        SH:  0    Dex: 17    Spells: 3 memorised, 5 levels left

rFire  . . .     SeeInvis .     (no weapon)
rCold  . . .     Gourm    .     a - +0 robe
rNeg   . . .     Faith    .     (no shield)
rPois  .         Spirit   .     (no helmet)
rElec  .         Reflect  .     (no cloak)
rCorr  .         Harm     .     (no gloves)
MR     .....                    (no boots)
Stlth  ++........               (no amulet)
                                (no ring)
                                n - +2 ring of dexterity

@: no status effects
A: no striking features
a: no special abilities


You were on level 2 of the Dungeon.
You were not hungry.

You visited 1 branch of the dungeon, and saw 3 of its levels.

You collected 120 gold pieces.

Inventory:

Armour
 a - a +0 robe (worn)
Jewellery
 n - a +2 ring of dexterity (left hand)
Scrolls
 e - a scroll of fear {unknown}
 g - 3 scrolls of remove curse {unknown}
 h - 3 scrolls of identify {unknown}
 i - a scroll of amnesia {unknown}
 k - 2 scrolls of immolation {unknown}
 p - a scroll of recharging {unknown}
Potions
 d - a potion of ambrosia {unknown}
 f - 2 potions of resistance {unknown}
 j - a potion of beneficial mutation {unknown}
 l - a potion of flight {unknown}
 m - a potion of curing {unknown}
Books
 b - a book of Flames

   Spells                             Type                      Level
   a - Flame Tongue                   Conjuration/Fire             1
   b - Throw Flame                    Conjuration/Fire             2
   c - Conjure Flame                  Conjuration/Fire             3
   d - Inner Flame                    Hexes/Fire                   3
   e - Sticky Flame                   Conjuration/Fire             4
   f - Fireball                       Conjuration/Fire             5
Comestibles
 c - a bread ration
 o - a royal jelly


   Skills:
 + Level 0.2 Fighting
 + Level 2.8 Dodging
 + Level 2.8 Stealth
 + Level 4.1 Spellcasting
 + Level 2.1 Conjurations
 + Level 4.6 Fire Magic


You had 5 spell levels left.
You knew the following spells:

 Your Spells              Type           Power        Failure   Level  Hunger
a - Flame Tongue          Conj/Fire      ###..        3%          1    None
b - Throw Flame           Conj/Fire      ###...       6%          2    #......
c - Conjure Flame         Conj/Fire      ###.....     12%         3    ###....


Dungeon Overview and Level Annotations

Branches:
Dungeon (3/15)

Altars:


Message History

The orc is severely wounded.
The orc barely misses you. The orc misses you.
The orc hits you with a hand axe.
* * * LOW HITPOINT WARNING * * *
The orc hits you with a hand axe.
* * * LOW HITPOINT WARNING * * *
There is a stone staircase leading up here.
The orc misses you.
You climb upwards.
There is a stone staircase leading down here.
Casting: Flame Tongue
Confirm with . or Enter, or press ? or * to list all spells.
Aiming: Flame Tongue
Press: ? - help, Shift-Dir - straight line, f - orc
Aim: an orc, wielding a hand axe and wearing a ring mail The flame tongue hits the orc.
The orc is heavily wounded.
The orc hits you with a hand axe.
You die...

##########...........######.#
#........#...................
#........#...........##.###.#
#....................##.# #..
#....................##.# ###
#####...................#
#.....(..######.###.#####
#........# #..........
#......o@######.##.......
#.............#.###......
#.#######.....#.# #......
####'### #.....#.###......
#####......#####.....#.##≈...≈≈.
#......................#≈≈..≈..≈
#####......#####......##≈≈..≈..≈
#......# #....>.##≈≈...≈.⌠
######## #......##≈≈≈..≈.†


You could see an orc.

Vanquished Creatures
  An orc wizard (D:3)
  2 adders
  A worm (D:3)
  2 dart slugs (D:1)
  A leopard gecko (D:1)
  An orc (D:3)
  4 giant cockroaches
  8 goblins
  5 hobgoblins
  4 jackals
  11 kobolds
  7 bats
  A frilled lizard (D:1)
  8 rats
56 creatures vanquished.

Notes
Turn   | Place    | Note
-------+----------+-------------------------------------------
     0 | D:1      | McKennaii the Deep Elf Fire Elementalist began the quest for the Orb.
     0 | D:1      | Reached XP level 1. HP: 10/10 MP: 6/6
   318 | D:1      | Reached XP level 2. HP: 15/15 MP: 1/8
   917 | D:2      | Reached XP level 3. HP: 19/19 MP: 5/9
   921 | D:2      | Learned a level 2 spell: Throw Flame
   925 | D:2      | Learned a level 3 spell: Conjure Flame
  1768 | D:3      | Reached XP level 4. HP: 24/24 MP: 7/11
  1876 | D:3      | HP: 1/24 [orc/hand axe (3)]
  1887 | D:2      | Slain by an orc

Skill      XL: |  1  2  3  4 |
---------------+-------------+-----
Fire Magic     | 4 |  4.6
Spellcasting   | 4 |  4.1
Conjurations   | 2 |  2.1
Fighting       | |  0.2
Dodging        | |  2.8
Stealth        | |  2.8

Action                   |  1- 3 |  4- 6 || total
-------------------------+-------+-------++-------
Melee: Unarmed           |     2 |     1 ||     3
 Cast: Flame Tongue      |    81 |    21 ||   102
 Stab: Sleeping          |       |     1 ||     1
  Eat: Chunk             |     2 |     1 ||     3
Armor: Robe              |     7 |     2 ||     9
Dodge: Dodged            |    37 |    17 ||    54
